 Dungeon Crawl Stone Soup version 0.29.1-12-g30fa7ad0bf (webtiles) character file.

Game seed: 15610284484537296413

65466 RapScallion the Severer (level 15, -11/124 HPs)
             Began as a Human Fighter on Jan 17, 2023.
             Was a High Priest of Okawaru.
             Mangled by a wolf spider (16 damage)
             ... on level 1 of the Spider Nest.
             The game lasted 01:51:12 (24115 turns).

RapScallion the Severer (Human Fighter)            Turns: 24115, Time: 01:51:12

Health: -11/124    AC: 33    Str: 25    XL:     15   Next: 58%
Magic:  0/19       EV:  5    Int: 11    God:    Okawaru [*****.]
Gold:   2036       SH:  0    Dex: 13    Spells: 14/14 levels left

rFire   . . .      SeeInvis +   s - +8 hand axe of the Hurting Ass {vorpal, rElec Str+2}
rCold   + . .      Faith    .   c - +7 kite shield of Foolhardiness {Int+2}
rNeg    + . .      Spirit   +   g - +1 plate armour {rC+}
rPois   .          Reflect  .   I - +2 helmet {SInv}
rElec   +          Harm     .   h - +2 cloak
rCorr   .          Rampage  .   G - +3 pair of gauntlets of War {Slay+5}
Will    +....                   q - +1 pair of boots
Stlth   ..........              H - amulet of guardian spirit
HPRegen 0.30/turn               y - ring of positive energy
MPRegen 0.16/turn               w - +4 ring of protection

@: heroic, corroded, held, slowed, glowing, very slow
A: no striking features
a: Renounce Religion, Heroism, Finesse, Duel


You were on level 1 of the Spider Nest.
You worshipped Okawaru.
Okawaru was extremely pleased with you.
You visited 4 branches of the dungeon, and saw 18 of its levels.
You also visited: Ossuary, Bailey and Ice Cave.

You collected 2036 gold pieces.

Inventory:

Hand Weapons
 l - the +6 battleaxe of Beloved Innocence {holy, rElec Str+8 Int-4 Dex+3}
   (Okawaru gifted it to you on level 5 of the Lair of Beasts)

   It has been blessed by the Shining One to cause great damage to the undead
   and demons.
   Str:       It affects your strength (+8).
   Int:       It affects your intelligence (-4).
   Dex:       It affects your dexterity (+3).
   rElec:     It insulates you from electricity.
 s - the +8 hand axe of the Hurting Ass (weapon) {vorpal, rElec Str+2}
   (You found it on level 2 of the Dungeon)

   It inflicts extra damage upon your enemies.
   Str:       It affects your strength (+2).
   rElec:     It insulates you from electricity.
 t - the +6 spear "Sukhlurua" {flame, rF+++ Str+3 Dex-3 Stlth+}
   (You found it on level 3 of the Dungeon)

   It burns those it strikes, dealing additional fire damage.
   Str:       It affects your strength (+3).
   Dex:       It affects your dexterity (-3).
   rF:        It renders you almost immune to fire.
   Stlth:     It makes you more stealthy.
 D - the +7 trident "Gailla Qyali" {holy, *Rage rF++}
   (You found it on level 5 of the Lair of Beasts)

   It has been blessed by the Shining One to cause great damage to the undead
   and demons.
   rF:        It greatly protects you from fire.
   *Rage:     It berserks you when you make melee attacks (+20% chance).
 J - the +8 dire flail of Kismet {flame, Str+4 Int+6}
   (Okawaru gifted it to you on level 4 of the Lair of Beasts)

   It burns those it strikes, dealing additional fire damage.
   Str:       It affects your strength (+4).
   Int:       It affects your intelligence (+6).
Missiles
 j - 7 silver boomerangs
 r - 16 atropa-tipped darts (quivered)
 R - 3 silver javelins
Armour
 c - the +7 kite shield of Foolhardiness (worn) {Int+2}
   (Okawaru gifted it to you on level 2 of the Lair of Beasts)

   Int:       It affects your intelligence (+2).
 g - a +1 plate armour of cold resistance (worn)
 h - a +2 cloak (worn)
 q - a +1 pair of boots (worn)
 B - +0 swamp dragon scales
 G - the +3 pair of gauntlets of War (worn) {Slay+5}
   (You found it in a bailey)

   Slay:      It affects your accuracy & damage with ranged weapons and melee
   (+5).
 I - a +2 helmet of see invisible (worn)
 Q - a +2 buckler of cold resistance
Jewellery
 d - an amulet of the acrobat
 w - a +4 ring of protection (right hand)
 y - a ring of positive energy (left hand)
 H - an amulet of guardian spirit (around neck)
Wands
 a - a wand of digging (12)
 p - a wand of paralysis (13)
 v - a wand of polymorph (11)
Scrolls
 e - 2 scrolls of silence
 f - a scroll of brand weapon
 i - 8 scrolls of teleportation
 u - 3 scrolls of magic mapping
 A - 3 scrolls of enchant weapon
 K - 2 scrolls of blinking
 M - 5 scrolls of identify
 N - 3 scrolls of fear
Potions
 b - 9 potions of curing
 k - a potion of ambrosia
 m - 3 potions of mutation
 n - a potion of berserk rage
 o - a potion of lignification
 z - a potion of flight
 C - a potion of magic
 E - a potion of cancellation
 L - 2 potions of invisibility
Miscellaneous
 x - a tin of tremorstones (2/2)
 P - a phial of floods


   Skills:
 + Level 13.5(18.5) Fighting
 + Level 16.4(21.4) Axes
 + Level 0.3(15.6) Polearms
 + Level 11.4(16.4) Armour
 + Level 11.6(16.6) Shields
 + Level 5.7 Invocations


You had 14 spell levels left.
You didn't know any spells.
Your spell library contained the following spells:

 Spells                   Type           Power      Damage    Failure   Level
 Ensorcelled Hibernation  Hex/Ice        0%         N/A       99%         2
 Sublimation of Blood     Necr           0%         N/A       99%         2
 Wereblood                Tmut           0%         N/A       99%         2
 Confusing Touch          Hex            0%         N/A       100%        3
 Ozocubu's Armour         Ice            0%         N/A       100%        3
 Spider Form              Tmut/Pois      0%         N/A       100%        3
 Anguish                  Hex/Necr       0%         N/A       100%        4
 Metabolic Englaciation   Hex/Ice        0%         N/A       100%        5
 Yara's Violent Unravell  Hex/Tmut       0%         3d3       100%        5
 Eringya's Noxious Bog    Tmut/Pois      0%         N/A       100%        6
 Enfeeble                 Hex            0%         N/A       100%        7
 Summon Forest            Summ/Tloc      Unusable   N/A       N/A         5
 Simulacrum               Ice/Necr       Unusable   N/A       N/A         6
 Summon Hydra             Summ           Unusable   N/A       N/A         7

Dungeon Overview and Level Annotations

Branches:
Dungeon (11/15)            Temple (1/1) D:6            Lair (5/5) D:8
 Shoals (0/4) Lair:2       Spider (1/4) Lair:2        Slime (0/5) Lair:5
    Orc (0/2) D:11        Ossuary (visited)          Bailey (visited)
  IceCv (visited)

Altars:
Ashenzari
Cheibriados
Dithmenos
Elyvilon
Fedhas
Gozag
Hepliaklqana
Kikubaaqudgha
Makhleb
Nemelex Xobeh
Okawaru
Qazlal
Ru
Sif Muna
Trog
Uskayaw
Vehumet
Wu Jian
Xom
Yredelemnul
Zin
The Shining One

Shops:
D:4 ?   D:8 :   D:10 [

Annotations:
D:9 3 runed translucent doors, retardedninja's ghost, legendary MiFi


Message History

You are poisoned.
The wolf spider poisons you!
The wolf spider attacks as you move away!
The wolf spider closely misses you. x2
You feel very sick.
A jorogumo comes into view.
Found a ring mail.
You feel very sick.
The jorogumo shouts!
The sun moth throws energy at you.
The bolt of energy hits you but does no damage.
The wolf spider hits you!
* * * LOW HITPOINT WARNING * * *
The wolf spider closely misses you.
* * * LOW HITPOINT WARNING * * *
You feel very sick.
The wolf spider hits you but does no damage.
The wolf spider bites you!
* * * LOW HITPOINT WARNING * * *
Being near the torpor snail leaves you feeling lethargic.
There is a crawl-hole back to the Lair here.
You feel better. You block the wolf spider's attack.
The wolf spider bites you but does no damage.
The sun moth closely misses you. The wolf spider hits you.
* * * LOW HITPOINT WARNING * * *
The wolf spider bites you but does no damage.
You block the sun moth's attack.
Unknown command.
You block the wolf spider's attack. x2
The entropy weaver points at you and mumbles some strange words.
The entropic weave corrodes you!
The jorogumo stares at you and mumbles some strange words.
The stream of webbing hits you but does no damage.
You are caught in a web!
The wolf spider hits you but does no damage.
The wolf spider bites you but does no damage.
The sun moth bites you!
* * * LOW HITPOINT WARNING * * *
The wolf spider hits you!
You die...

##....#......#
##..[.........##
##........).....#
####......#.#.###..#
#.#.......#####.# ##
##....#.w........##
##^....##..........#
#....y..#..B.......#
#......##...y@....##
##.....###...s......#
##...w..#.##.....H.....
#....B.....#####.......
##........## .....#.
#..#.ยง...## ..>.##
#.##.....# ....s.
###......# ......#
.....^.## ...[...


You could see a jorogumo, a sun moth, an entropy weaver, a torpor snail, a wolf
spider and a jumping spider (wandering).

Vanquished Creatures
  Jorgrun (Spider:1)
  Gastronok (Lair:2)
  Kirke (Lair:3)
  Snorg (Lair:4)
  An ice dragon (Lair:5)
  2 hydras
  Erica (D:8)
  A catoblepas (Lair:5)
  A centaur warrior (D:10)
  2 ironbound frosthearts (IceCv)
  2 two-headed ogres
  14 death yaks
  A fire crab (Lair:5)
  Nergalle (Lair:1)
  Sonja (Lair:3)
  A lindwurm (Lair:5)
  An orc knight (Bailey)
  2 cyclopes (D:11)
  An ugly thing (IceCv)
  2 merfolk sirens (Lair:2)
  Maurice (D:8)
  3 black mambas
  3 elephants (Lair:5)
  An ice statue (IceCv)
  13 cane toads
  5 torpor snails
  7 rime drakes
  An unseen horror (D:10)
  4 komodo dragons
  An efreet (D:11)
  Maggie (D:7)
  2 demonic crawlers
  A kobold demonologist (D:10)
  12 polar bears
  5 trolls
  A tarantella (Spider:1)
  8 hornets (Lair:5)
  9 blink frogs
  4 tyrant leeches (Lair:5)
  3 jumping spiders (Lair:2)
  2 shadows (D:11)
  A culicivora (Spider:1)
  4 wyverns
  63 yaks
  A basilisk (Lair:2)
  3 hogs (Lair:3)
  3 humans (Lair:3)
  2 redbacks
  3 steam dragons
  Eustachio (D:4)
  3 vampire mosquitoes (D:11)
  2 swamp worms (Lair:1)
  Duvessa (D:4)
  14 water moccasins
  6 orc warriors
  2 sky beasts
  2 ice beasts (D:6)
  5 black bears
  2 ogres
  12 centaurs
  25 wolves (IceCv)
  2 phantoms
  20 bullfrogs
  9 kobold brigands
  6 scorpions
  6 water moccasin zombies (Ossuary)
  4 wights
  Dowan (D:4)
  17 killer bees
  A howler monkey (D:9)
  3 electric eels
  A crimson imp (D:6)
  3 hounds
  3 jellies (D:6)
  6 orc priests
  2 gnoll boudas
  3 orc wizards
  2 mummies (Ossuary)
  Robin (D:2)
  6 gnolls
  9 adders
  A shadow imp (D:6)
  2 white imps
  An ufetubus (D:6)
  3 adder zombies (Ossuary)
  A worm (D:3)
  A dart slug (D:2)
  35 orcs
  12 ball pythons
  8 endoplasms
  2 giant cockroaches
  4 gnoll zombies (Ossuary)
  14 goblins
  16 hobgoblins
  8 jackals
  23 kobolds
  4 quokkas
  5 bats
  2 frilled lizards
  A hobgoblin zombie (Ossuary)
  3 kobold zombies (Ossuary)
  12 orc zombies (Ossuary)
  5 rats
548 creatures vanquished.

Vanquished Creatures (others)
  A human (D:8)
  A white imp (D:7)
  A bush (Lair:2)
  35 fungi
  72 plants
110 creatures vanquished.

Grand Total: 658 creatures vanquished

Notes
Turn   | Place    | Note
-------+----------+-------------------------------------------
     0 | D:1      | RapScallion the Human Fighter began the quest for the Orb.
     0 | D:1      | Reached XP level 1. HP: 18/18 MP: 1/1
    41 | D:1      | You fall into a shaft and drop 1 floor!
   326 | D:1      | Reached XP level 2. HP: 24/24 MP: 2/2
   622 | D:1      | Reached XP level 3. HP: 29/29 MP: 3/3
  1039 | D:1      | Found a faded altar of an unknown god.
  1972 | D:2      | Found a bloodstained altar of Trog.
  1983 | D:2      | Identified the +8 hand axe of the Hurting Ass {vorpal,
                  | rElec Str+2}
  2050 | D:2      | Noticed Robin
  2063 | D:2      | Killed Robin
  2064 | D:2      | Reached XP level 4. HP: 29/35 MP: 4/4
  2210 | D:2      | Reached skill level 3 in Axes
  2438 | D:3      | Reached XP level 5. HP: 31/41 MP: 5/5
  2914 | D:3      | Identified the +6 spear "Sukhlurua" {flame, rF+++ Str+3
                  | Dex-3 Stlth+}
  3475 | D:4      | Reached skill level 4 in Axes
  3475 | D:4      | Reached XP level 6. HP: 42/48 MP: 6/6
  3681 | D:4      | Noticed Duvessa
  3682 | D:4      | Noticed Dowan
  3703 | D:4      | Killed Duvessa
  3775 | D:4      | Killed Dowan
  3776 | D:4      | Reached skill level 5 in Axes
  3776 | D:4      | Reached XP level 7. HP: 21/53 MP: 7/7
  4410 | D:4      | Noticed Eustachio
  4414 | D:4      | Killed Eustachio
  4415 | D:4      | Reached skill level 6 in Axes
  4415 | D:4      | Reached skill level 5 in Armour
  4514 | D:4      | Found Ethye's Magic Scroll Boutique.
  4799 | D:5      | Entered Level 5 of the Dungeon
  4805 | D:5      | Reached XP level 8. HP: 61/61 MP: 8/8
  5251 | D:5      | Identified the +1 robe of Benevolence {Str+4}
  5773 | D:6      | Found a glowing silver altar of Zin.
  5773 | D:6      | Found a glowing golden altar of the Shining One.
  5773 | D:6      | Found a white marble altar of Elyvilon.
  5830 | D:6      | Reached skill level 7 in Axes
  6049 | D:6      | Found an ornate altar of the Wu Jian Council.
  6096 | D:6      | Reached skill level 5 in Fighting
  6183 | D:6      | Reached XP level 9. HP: 68/68 MP: 9/9
  6300 | D:6      | Reached skill level 8 in Axes
  6409 | D:6      | Found a sparkling altar of Nemelex Xobeh.
  6421 | D:6      | Found a burning altar of Makhleb.
  6590 | D:6      | Found a staircase to the Ecumenical Temple.
  6602 | Temple   | Entered the Ecumenical Temple
  6979 | D:7      | Found a sand-covered staircase.
  6984 | Ossuary  | Entered an ossuary
  7189 | Ossuary  | Reached skill level 9 in Axes
  7295 | D:7      | Reached XP level 10. HP: 75/76 MP: 10/10
  7299 | D:7      | Noticed Maggie
  7299 | D:7      | Paralysed by Maggie for 3 turns
  7539 | D:7      | Paralysed by something for 4 turns
  7768 | D:7      | Killed Maggie
  8029 | D:7      | Reached skill level 5 in Shields
  8251 | D:7      | Reached skill level 10 in Axes
  8574 | D:7      | Found an iron altar of Okawaru.
  8575 | D:7      | Found a bloodstained altar of Trog.
  8585 | D:7      | Became a worshipper of Warmaster Okawaru
  8753 | D:8      | Noticed Erica
  8770 | D:8      | Killed Erica
  8775 | D:8      | Noticed Maurice
  8793 | D:8      | Killed Maurice
  8793 | D:8      | Reached * piety under Okawaru
  8994 | D:8      | Found a flagged portal.
  9035 | Bailey   | Entered a bailey
  9177 | Bailey   | Noticed an orc knight
  9189 | Bailey   | Reached skill level 11 in Axes
  9190 | Bailey   | Reached ** piety under Okawaru
  9195 | Bailey   | Reached XP level 11. HP: 29/84 MP: 11/11
  9205 | Bailey   | Killed an orc knight
  9209 | Bailey   | Found the +3 pair of gauntlets of War {Slay+5}
  9494 | Bailey   | Found a bloodstained altar of Trog.
  9880 | D:8      | Found Fifu's Book Shoppe.
  9915 | D:8      | Found an ancient bone altar of Kikubaaqudgha.
  9994 | D:8      | Found a staircase to the Lair.
  9997 | D:8      | Reached *** piety under Okawaru
 10387 | D:8      | Reached skill level 12 in Axes
 10513 | D:9      | Found a runed translucent gate.
 10514 | D:9      | Found a runed translucent gate.
 10515 | D:9      | Found a runed translucent gate.
 10516 | D:9      | Noticed retardedninja's ghost (legendary MiFi)
 10517 | D:9      | Noticed a nine-headed hydra
 10675 | D:9      | Found a broken altar of Ashenzari.
 10676 | D:9      | Noticed a two-headed ogre
 10682 | D:9      | Killed a two-headed ogre
 10682 | D:9      | Reached **** piety under Okawaru
 10685 | D:9      | Found a hazy altar of Hepliaklqana.
 10688 | D:9      | Found a shimmering altar of Xom.
 10797 | D:9      | Identified the +1 short sword of Reomus {vorpal, rElec rF+
                  | Int-3 Dex+2}
 10819 | D:10     | Entered Level 10 of the Dungeon
 10819 | D:10     | Found a hide-covered altar of Uskayaw.
 11043 | D:10     | Found Woxtyps's Armour Emporium.
 11204 | D:10     | Reached skill level 1 in Invocations
 11237 | D:10     | Found a shimmering blue altar of Sif Muna.
 11280 | D:10     | Reached ***** piety under Okawaru
 11281 | D:10     | Reached XP level 12. HP: 90/94 MP: 12/12
 11349 | D:10     | Found a snail-covered altar of Cheibriados.
 11603 | D:10     | Noticed a centaur warrior
 11612 | D:10     | Killed a centaur warrior
 12388 | D:11     | Reached skill level 13 in Axes
 12522 | D:11     | Found a staircase to the Orcish Mines.
 12533 | D:11     | Received a gift from Okawaru
 12533 | D:11     | Found the +2 cloak of the Thief {*Fog Slay-2 SInv Stlth+}
 12990 | D:11     | Noticed a two-headed ogre
 13000 | D:11     | Killed a two-headed ogre
 14142 | Lair:1   | Entered Level 1 of the Lair of Beasts
 14152 | Lair:1   | You fall into a shaft and drop 1 floor!
 14217 | Lair:1   | Reached skill level 10 in Armour
 14408 | Lair:1   | Reached skill level 14 in Axes
 14572 | Lair:1   | Found a frozen archway.
 14579 | IceCv    | Entered an ice cave
 14588 | IceCv    | Reached skill level 10 in Fighting
 14772 | IceCv    | Reached XP level 13. HP: 62/103 MP: 8/14
 16222 | IceCv    | Noticed an ironbound frostheart
 16262 | IceCv    | Received a gift from Okawaru
 16269 | IceCv    | Noticed an ironbound frostheart
 16277 | IceCv    | Killed an ironbound frostheart
 16385 | IceCv    | Killed an ironbound frostheart
 16611 | Lair:1   | Noticed Nergalle
 16620 | Lair:1   | Killed Nergalle
 16622 | Lair:1   | Reached skill level 15 in Axes
 17360 | Lair:2   | Noticed a seven-headed hydra
 17367 | Lair:2   | Killed a 13-headed hydra
 17490 | Lair:2   | Noticed Gastronok
 17504 | Lair:2   | Killed Gastronok
 17505 | Lair:2   | Reached XP level 14. HP: 83/113 MP: 10/17
 17669 | Lair:2   | Found a staircase to the Shoals.
 17717 | Lair:2   | Identified the +7 kite shield of Foolhardiness {Int+2}
                  | (Okawaru gifted it to you on level 2 of the Lair of Beasts)
 17717 | Lair:2   | Received a gift from Okawaru
 17796 | Lair:2   | Found a hole to the Spider Nest.
 19328 | Lair:3   | Noticed Kirke
 19378 | Lair:3   | Killed Kirke
 19379 | Lair:3   | Reached skill level 5 in Invocations
 19889 | Lair:3   | Found a glowing silver altar of Zin.
 19912 | Lair:3   | Noticed Sonja
 19921 | Lair:3   | Killed Sonja
 21242 | Lair:4   | Reached skill level 10 in Shields
 21512 | Lair:5   | Entered Level 5 of the Lair of Beasts
 21512 | Lair:5   | Noticed Snorg
 21523 | Lair:4   | Identified the +8 dire flail of Kismet {flame, Str+4 Int+6}
                  | (Okawaru gifted it to you on level 4 of the Lair of Beasts)
 21523 | Lair:4   | Received a gift from Okawaru
 21549 | Lair:4   | Killed Snorg
 21725 | Lair:5   | Found a runed translucent door.
 21726 | Lair:5   | Found a staircase to the Slime Pits.
 21818 | Lair:5   | Reached XP level 15. HP: 122/122 MP: 18/18
 21822 | Lair:5   | Reached skill level 16 in Axes
 22040 | Lair:5   | Received a gift from Okawaru
 22407 | Lair:5   | Reached ****** piety under Okawaru
 22410 | Lair:5   | Identified the +6 battleaxe of Beloved Innocence {holy,
                  | rElec Str+8 Int-4 Dex+3} (Okawaru gifted it to you on level
                  | 5 of the Lair of Beasts)
 22410 | Lair:5   | Received a gift from Okawaru
 22772 | Lair:5   | Found a runed translucent door.
 23784 | Lair:5   | Identified the +7 trident "Gailla Qyali" {holy, *Rage rF++}
 23935 | Spider:1 | Entered Level 1 of the Spider Nest
 23944 | Spider:1 | Noticed Jorgrun
 23962 | Spider:1 | Killed Jorgrun
 24115 | Spider:1 | HP: 5/124 [sun moth (7)]
 24115 | Spider:1 | Mangled by a wolf spider

Illustrated notes

Levels and vault maps discovered:
D:1:      wander_arrival_chamber, layout_basic, ebering_ecumenical_altar_rust,
          hex_large
D:2:      layout_basic, basic_altar, uniq_robin
D:3:      layout_basic, chequers_serial_rivers_room_b
D:4:      layout_layer_cave, serial_shops, kennysheep_little_box,
          minmay_cut_off, uniq_duvessa, uniq_eustachio
D:5:      layout_cave_pools, serial_column_ruins, column_ruins_hut_ruined,
          column_ruins_corridor_straight, column_ruins_open_tiny,
          column_ruins_open_tiny, column_ruins_open_medium,
          column_ruins_corridor_straight
D:6:      kennysheep_six_static_rooms, layout_rooms,
          dreamdust_divine_triumvirate, mainiacjoe_overflow_catch_the_wave,
          makhleb_grotto_becter, minmay_temple_entry_mist
D:7:      hellmonk_crumbling_castle, layout_basic,
          grunt_temple_overflow_bloody_war,
          lightli_ossuary_entry_decrepit_ruins, chequers_decorated_corner,
          chequers_hall_statues_y, uniq_maggie
D:8:      layout_basic, tgw_kikubaaqudgha, due_lair_maze_entry_diamond,
          enter_bailey_4, serial_shops, shop_fountains, uniq_maurice, uniq_erica
D:9:      layout_cave_pools, minitemple, gammafunk_ghost_hydra_chop
D:10:     layout_stronghold, lemuel_blue_sif_altar, general_overflow_altar,
          overflow_temple_1_default, serial_shops, nicolae_shop_hallway_plus
D:11:     layout_basic, hiddenorc1_lemuel
Temple:   nicolae_temple_superstar
Lair:1:   layout_cave_pods, portal_ice_cave_entry_pillars_2, minivault_11,
          st_stairs_8, worms_lemuel, uniq_nergalle
Lair:2:   wander_river, layout_loops_ring, elwin_shoals_entry_rooms,
          spider_nest_entry_funnel_web, nicolae_lair_grazing_beasts
          [nicolae_sub_lair_graze_edge, nicolae_sub_lair_graze_edge,
          nicolae_sub_lair_graze_edge, nicolae_sub_lair_graze_edge],
          uniq_gastronok
Lair:3:   layout_roguey, basic_altar, lemuel_another_geyser, uniq_kirke,
          uniq_sonja
Lair:4:   layout_loops_ring
Lair:5:   wormcave, layout_loops_ring, slime_entry_2, serial_bayou_pond_e,
          nicolae_quartered_pool_super, uniq_snorg
Spider:1: layout_spider_delve, hellmonk_motheaten_closet,
          hangedman_spider_tarantella_strand, uniq_asterion, uniq_jorgrun

Skill      XL: |  1  2  3  4  5  6  7  8  9 10 11 12 13 14 15 |
---------------+----------------------------------------------+-----
Axes           | 3 4 5 6 7 9 11 12 14 15 16 | 16.4
Armour         | 4 5 6 7 8 9 10 11 | 11.4
Fighting       | 4 5 6 7 8 10 11 12 13 | 13.5
Shields        | 4 5 6 7 8 10 11 | 11.6
Invocations    | 1 2 4 5 |  5.7
Polearms       | |  0.3

Action                   |  1- 3 |  4- 6 |  7- 9 | 10-12 | 13-15 || total
-------------------------+-------+-------+-------+-------+-------++-------
Melee: War axe           |    81 |       |       |       |       ||    81
       Hand axe          |    13 |    86 |   244 |   451 |   731 ||  1525
       Unarmed           |       |       |       |       |     1 ||     1
       Battleaxe         |       |       |       |       |    19 ||    19
       Spear             |       |       |       |       |     5 ||     5
Invok: Heroism           |       |       |       |     7 |    18 ||    25
       Finesse           |       |       |       |     2 |     6 ||     8
  Use: Scroll            |       |     9 |    10 |     7 |     4 ||    30
       Potion            |       |     1 |       |     8 |     6 ||    15
Armor: Scale mail        |    25 |       |       |       |       ||    25
       Plate armour      |    63 |    47 |   164 |    21 |    72 ||   367
       Swamp dragon scal |       |       |       |   303 |   232 ||   535
Dodge: Dodged            |    33 |    18 |    63 |   258 |   216 ||   588
Block: Buckler           |    24 |    12 |    45 |   112 |    56 ||   249
       Kite shield       |       |       |       |       |   371 ||   371
